AoeStats
← Ai1738

Black Forest

510760991Analyzed
4v4 RM · 20h ago on Oct 2, 2026· 70m 12s· 8 players
Game mode
Random Map
Map size
Large (8 player)
Population
200
Speed
Normal
Resources
Standard
Victory
Conquest
Starting age
Dark Age
Ending age
Imperial Age
RankedLock teamsTeams togetherTeam positionsShared explorationLock speedFull tech treeHidden civsTurbo modeCheats
Victory
Defeat
🇩🇪 Italians · Germany
1048
+15
🇫🇮 Teutons · Finland
1044
+16
🇦🇹 Saxons · Austria
1038
+16
🇨🇳 Jurchens · China
1003
+17
🇦🇺 Khmer · Australia
1064
-18
🇦🇺 Britons · Australia
1042
-16
🇦🇺 Bohemians · Australia
1038
-16
🇦🇺 Teutons · Australia
991
-14
newworldorder
1:01 Loom
12:36 Feudal Age
18:35 Castle Age
17:47 Double-Bit Axe
19:59 Bow Saw
21:25 Horse Collar
23:17 Fletching
28:01 Wheelbarrow
27:31 Bodkin Arrow
28:15 Elite Skirmisher
33:21 Imperial Age
31:15 Pikeman
31:22 Man-at-Arms
32:07 Scale Mail Armor
32:09 Padded Archer Armor
32:23 Town Watch
32:54 Hand Cart
32:44 Long Swordsman
33:09 Gambesons
33:27 Treadmill Crane
34:25 Ballistics
33:45 Capped Ram
33:58 Two-Handed Swordsman
34:48 Squires
34:33 Arson
35:46 Masonry
36:18 Siege Engineers
36:33 Heavy Plow
37:27 Conscription
38:17 Town Patrol
38:34 Leather Archer Armor
38:29 Forging
38:37 Chain Mail Armor
38:48 Elite Varangian Guard
42:29 Gold Mining
43:37 Caravan
44:52 Two-Man Saw
44:35 Bracer
45:05 Ring Archer Armor
45:24 Shield Wall
46:47 Plate Mail Armor
48:07 Chemistry
47:41 Architecture
47:06 Onager
49:27 Iron Casting
52:01 Guard Tower
62:18 Clerical Recruitment
三贤湖巨齿鲨
11:28 Feudal Age
14:32 Double-Bit Axe
14:31 Horse Collar
17:00 Castle Age
17:01 Wheelbarrow
18:14 Bow Saw
27:10 Hand Cart
26:50 Stone Mining
28:25 Scale Barding Armor
28:30 Forging
29:50 Chain Barding Armor
29:44 Fishing Lines
30:16 Gold Mining
33:24 Imperial Age
31:44 Caravan
31:37 Treadmill Crane
34:19 Gold Shaft Mining
34:23 Stone Shaft Mining
35:16 Heavy Plow
35:22 Elite Iron Pagoda
36:23 Conscription
36:44 Plate Barding Armor
36:44 Iron Casting
38:14 Chemistry
37:34 Ballistics
37:21 Siege Engineers
37:51 Guilds
38:27 Thunderclap Bombs
37:43 Heavy Rocket Cart
39:31 Two-Man Saw
43:25 Blast Furnace
42:26 Scale Mail Armor
42:29 Pikeman
42:29 Elite Fire Lancer
43:10 Squires
43:37 Light Cavalry
44:27 Bloodlines
44:18 Husbandry
45:31 Hussar
50:59 Fortified Bastions
57:51 Gambesons
58:43 Halberdier
62:12 Chain Mail Armor
61:58 Padded Archer Armor
61:49 Fletching
tortodde
7:36 Loom
9:26 Feudal Age
10:36 Double-Bit Axe
10:33 Horse Collar
16:10 Castle Age
19:40 Bow Saw
20:12 Heavy Plow
23:59 Gold Mining
29:46 Imperial Age
28:21 Wheelbarrow
27:32 Town Watch
29:34 Hand Cart
29:20 Town Patrol
29:58 Ballistics
29:56 Padded Archer Armor
29:46 Fletching
30:06 Forging
29:57 Scale Mail Armor
31:21 Crop Rotation
32:17 Two-Man Saw
32:28 Chemistry
31:45 Leather Archer Armor
31:25 Bodkin Arrow
31:02 Elite Skirmisher
32:44 Iron Casting
32:30 Thumb Ring
33:54 Conscription
33:59 Silk Road
34:55 Ring Archer Armor
34:25 Bracer
34:40 Chain Mail Armor
36:29 Squires
36:17 Arson
35:54 Pikeman
38:36 Blast Furnace
38:56 Plate Mail Armor
40:59 Man-at-Arms
43:55 Caravan
45:43 Pirotechnia
46:21 Stone Mining
48:12 Long Swordsman
49:30 Hoardings
58:40 Elite Genoese Crossbowman
swippy
0:45 Loom
10:43 Feudal Age
11:30 Double-Bit Axe
14:37 Town Watch
22:47 Castle Age
21:06 Horse Collar
23:27 Forging
23:20 Scale Mail Armor
23:44 Bloodlines
23:47 Scale Barding Armor
24:24 Stone Mining
30:36 Chain Barding Armor
31:58 Iron Casting
34:10 Guard Tower
34:19 Gold Mining
39:47 Imperial Age
38:36 Heavy Plow
38:47 Bow Saw
39:23 Fortified Wall
39:24 Masonry
40:27 Cavalier
40:38 Onager
45:59 Plate Barding Armor
46:25 Blast Furnace
49:32 Chemistry
51:33 Siege Engineers
52:53 Wheelbarrow
53:47 Ballistics
53:54 Pikeman
54:37 Scale Mail Armor
56:19 Paladin
58:59 Halberdier
59:41 Squires
59:52 Padded Archer Armor
60:09 Chain Mail Armor
62:31 Conscription
63:44 Plate Mail Armor
64:47 Hand Cart
64:48 Fletching
64:59 Padded Archer Armor
65:04 Arson
69:38 Bodkin Arrow
69:58 Leather Archer Armor
✪ Sonicaii
7:20 Loom
13:20 Feudal Age
17:13 Castle Age
14:57 Fishing Lines
15:11 Double-Bit Axe
15:28 Horse Collar
20:16 Bow Saw
23:47 Heavy Plow
24:08 Gold Mining
29:59 Imperial Age
30:12 Fletching
30:22 Padded Archer Armor
30:46 Ballistics
29:50 Crossbowman
31:04 Bodkin Arrow
32:11 Chemistry
31:08 Arbalester
32:07 Leather Archer Armor
33:28 Conscription
34:41 Yeomen
37:32 Bracer
38:05 Ring Archer Armor
38:48 Warwolf
40:47 Two-Man Saw
39:51 Caravan
41:44 Onager
44:46 Treadmill Crane
48:10 Forging
50:24 Stone Mining
51:15 Wheelbarrow
50:53 Husbandry
50:15 Cavalier
51:34 Iron Casting
51:01 Scale Mail Armor
51:08 Scale Barding Armor
59:44 Chain Barding Armor
KBP
4:53 Loom
10:37 Feudal Age
14:53 Castle Age
23:44 Town Watch
24:06 Double-Bit Axe
27:40 Wheelbarrow
27:07 Town Patrol
30:11 Imperial Age
29:11 Chemistry
28:32 Ballistics
29:35 Bow Saw
29:09 Horse Collar
30:37 Caravan
32:11 Hand Cart
32:58 Two-Man Saw
32:03 Heavy Plow
32:17 Wagenburg Tactics
32:38 Houfnice
33:56 Siege Engineers
34:45 Squires
38:07 Pikeman
38:18 Onager
41:05 Halberdier
42:06 Forging
41:56 Scale Mail Armor
42:25 Heavy Scorpion
59:33 Bombard Tower
59:24 Masonry
59:10 Murder Holes
59:27 Fortified Wall
Ai1738
12:22 Feudal Age
14:05 Double-Bit Axe
15:38 Horse Collar
18:09 Castle Age
42:41 Loom
43:33 Wheelbarrow
51:09 Hand Cart
53:33 Bow Saw
53:34 Heavy Plow
60:22 Imperial Age
60:03 Caravan
62:18 Chemistry
63:32 Bombard Tower
K4
9:59 Loom
12:02 Feudal Age
16:23 Castle Age
15:55 Double-Bit Axe
15:53 Horse Collar
19:16 Wheelbarrow
18:29 Loom
19:04 Bow Saw
19:01 Heavy Plow
24:59 Imperial Age
28:08 Gold Mining
28:08 Stone Mining
28:55 Hand Cart
28:27 Loom
30:50 Gold Shaft Mining
30:05 Stone Mining
32:41 Double Crossbow
33:48 Chemistry
33:10 Ballistics
34:52 Heavy Scorpion
35:59 Masonry
35:45 Murder Holes
39:17 Bloodlines
39:08 Husbandry
38:29 Light Cavalry
41:00 Hussar
43:28 Scale Barding Armor
43:34 Forging
56:15 Chain Barding Armor
56:31 Iron Casting
56:12 Fortified Wall
56:34 Architecture
55:31 Capped Ram
Connection lost

Rejoining the realm…

Still unreachable

The connection could not be restored.

Session expired

The server has moved on; the page needs a fresh start.